[Event "Late-Titled-Tuesday-Blitz-March-26-2024"]
[Site "Chess.com"]
[Date "2024.03.26"]
[Round "5"]
[White "Mikayel99"]
[Black "Adar_07"]
[Result "0-1"]
[WhiteElo "2554"]
[BlackElo "2781"]
[TimeControl "180+1"]
[EndTime "14:58:21 PDT"]
[Termination "Adar_07 won by resignation"]

1. e4 c6 2. Nc3 d5 3. d4 dxe4 4.
Nxe4 Nf6 5. Nxf6+ gxf6 6. c3 Bf5 7. Bd3 Bxd3 8. Qxd3 e6 9. Nf3 Nd7 10. Qe4 f5 11. Qe2 Rg8 12. g3 Nf6 13. Bg5 Be7 14. Bxf6 Bxf6 15. O-O-O Qd5 16. Kb1 O-O-O 17. Rhe1 Rg4 18.
h4 Rdg8 19. Ka1 Re4 20. Qd3 Rxe1 21. Nxe1 Rg4 22. Nc2 Qe4 23. Qxe4 Rxe4 24. Re1 Rg4 25. Ne3 Rg7 26. Ng2 Kd7 27. Nf4 Rg4 28. Nd3 Kd6 29. Kb1 f4 30. Nxf4 Bxh4 31. Nd3 Bf6 32. Rh1 Rg7 33.
Kc2 b6 34. Kd2 Ke7 35. Ke3 Kd6 36. Ke4 Ke7 37. a4 Bg5 38. Ne5 Kd6 39. a5 b5 40.
a6 f5+ 41. Kf3 Bf6 42. Nd3 Bg5 43. Re1 h6 44. Nc5 Re7 45. b3 Bd2 46. Rh1 Bxc3 47.
Ke3 Bb4 48. Nb7+ Kc7 49. Rxh6 e5 50. dxe5 Rxe5+ 51. Kf4 Rd5 52. Rh7+ Kb6 53. Rf7 Kxa6 54. Ke3 Kb6 55. f3 a5 56. g4 fxg4 57. fxg4 a4 58. bxa4 bxa4 59. Rf4 Kb5 60. Rf5 Rxf5 61. gxf5 a3 62.
Kd3 a2 0-1

[Event "Late-Titled-Tuesday-Blitz-March-26-2024"]
[Site "Chess.com"]
[Date "2024.03.26"]
[Round "5"]
[White "blank0923"]
[Black "janhelmer03"]
[Result "0-1"]
[WhiteElo "2568"]
[BlackElo "2414"]
[TimeControl "180+1"]
[EndTime "14:58:21 PDT"]
[Termination "janhelmer03 won by checkmate"]

1. e4 c5 2. c3 Nf6 3. e5 Nd5 4. d4 cxd4 5. Qxd4 e6 6. Nf3 Nc6 7. Qe4 f5 8. Qe2 Be7 9. g3 O-O 10. Bg2 a5 11. O-O b6 12. Rd1 Ba6 13. Qe1 b5 14. Nbd2 Qb6 15. a3 Bc5 16. Nb3 b4 17.
Nxc5 Qxc5 18. cxb4 axb4 19. h4 bxa3 20. Rxa3 Ncb4 21. Nd4 Bb7 22. Rxa8 Rxa8 23. Bd2 Qxd4 24. Bxb4 Qxb4 25. Qxb4 Nxb4 26. Bxb7 Ra5 27. Rxd7 Rxe5 28. Rd4 Rb5 29. Bc8 Kf7 30. Rd7+ Kf6 31. Rd6 Re5 32. Kg2 h6 33. Rd2 g5 34. hxg5+ hxg5 35. Rd4 Nd5 36. Bb7 Ne7 37. Bf3 g4 38. Bd1 Rd5 39. Rxd5 Nxd5 40. Kf1 Ke5 41. Ke2 Kd4 42. Bb3 Nc7 43. Kd2 e5 44.
Bc2 f4 45. Bf5 fxg3 46. fxg3 e4 47. Bxg4 e3+ 48. Ke2 Na6 49. Bf5 Nc5 50. Bc2 Ne6 51.
b4 Nc7 52. Bd3 Nd5 53. Ba6 Nxb4 54. g4 Nxa6 55. g5 Nc5 56. g6 Ne6 57. Ke1 Kd3 58. Kd1 e2+ 59. Ke1 Ke3 60. g7 Nd4 61. g8=Q Nc2# 0-1

[Event "Late-Titled-Tuesday-Blitz-March-26-2024"]
[Site "Chess.com"]
[Date "2024.03.26"]
[Round "5"]
[White "cthulhuuu"]
[Black "chessamical"]
[Result "1/2-1/2"]
[WhiteElo "2417"]
[BlackElo "2274"]
[TimeControl "180+1"]
[EndTime "14:58:23 PDT"]
[Termination "Game drawn - insufficient material"]

1. e4 e6 2. d3 c5 3. Nf3 Nc6 4. g3 g6 5. Bg2 Bg7 6. O-O Rb8 7. Re1 b5 8. e5 Qc7 9. Qe2 h6 10.
h4 Nd4 11. Nxd4 cxd4 12. Nd2 Ne7 13. Nb3 Nc6 14. Bf4 Bb7 15. Nc5 Bc8 16. Ne4 Nxe5 17. c3 d5 18. Nd2 dxc3 19. bxc3 f6 20. d4 g5 21. Qh5+ Qf7 22. Qxf7+ Kxf7 23. hxg5 hxg5 24. Bxe5 fxe5 25. dxe5 Bd7 26. Nf3 Kg6 27. Nd4 Rhc8 28. Re3 Rc7 29. Bh3 Kf7 30. Rf1 Rbc8 31. f4 gxf4 32.
Rxf4+ Ke7 33. Rg4 Bh6 34. Rf3 Rxc3 35. Rh4 Be3+ 36. Kg2 Bxd4 37. Rxd4 Rxf3 38. Kxf3 Rc3+ 39. Kf4 Rc4 40. Ke3 Rxd4 41. Kxd4 a6 42. Kc5 a5 43. Kb6 a4 44. Kc5 Be8 45. Bg2 Kf7 46. Bf1 Kg6 47. Bxb5 Bxb5 48. Kxb5 Kf5 49. Kxa4 Kxe5 50.
Kb5 Ke4 51. a4 d4 52. a5 d3 53. a6 d2 54. a7 d1=Q 55. a8=Q+ Qd5+ 56. Qxd5+ exd5 57. g4 d4 58. g5 Kf5 59. Kc4 Kxg5 60. Kxd4 1/2-1/2

[Event "Late-Titled-Tuesday-Blitz-March-26-2024"]
[Site "Chess.com"]
[Date "2024.03.26"]
[Round "5"]
[White "Practical-Play"]
[Black "LeoWin2012"]
[Result "1-0"]
[WhiteElo "2477"]
[BlackElo "2292"]
[TimeControl "180+1"]
[EndTime "14:58:24 PDT"]
[Termination "Practical-Play won by checkmate"]

1. e4 e5 2. Nf3 Nf6 3. Nc3 Nc6 4. Bb5 Bb4 5. O-O O-O 6. d3 d6 7. Bg5 Bg4 8. Bxf6 gxf6 9. Bxc6 bxc6 10. h3 Bh5 11. g4 Bg6 12. Ne2 d5 13. Ng3 dxe4 14.
dxe4 Qe7 15. h4 Rfd8 16. Qc1 h6 17. h5 Bh7 18. Qxh6 Kh8 19. g5 fxg5 20. Nxg5 f6 21. Nf5 fxg5 22. Nxe7 Bxe7 23. Rad1 g4 24. Qe6 Bd6 25.
Qf6+ Kg8 26. h6 Rd7 27. Qe6+ Rf7 28. f3 g3 29. Rd2 Rf8 30. Rg2 Kh8 31. Rxg3 Rf6 32.
Qd7 R6f7 33. Qh3 Bc5+ 34. Kh1 Rf6 35. Rd1 Be3 36. Rd7 Rxh6 37. Qxh6 Bxh6 38. Rh3 Rf6 39.
Rxc7 Bg7 40. Rg3 Rg6 41. Rxg6 Bxg6 42. Rxc6 Kh7 43. Rc7 Bh5 44. Kg2 a6 45. Ra7 Kg6 46.
Rxa6+ Kg5 47. Kg3 Bf6 48. Ra7 Be8 49. a4 Kg6 50. a5 Bg5 51. a6 Bf4+ 52. Kf2 Kf6 53.
Ra8 Bc6 54. Rc8 Bb5 55. a7 Bc6 56. Rxc6+ Ke7 57. a8=Q Kd7 58. Qb7+ Kd8 59. Rc8# 1-0

[Event "Late-Titled-Tuesday-Blitz-March-26-2024"]
[Site "Chess.com"]
[Date "2024.03.26"]
[Round "5"]
[White "campochess"]
[Black "santosalberto1987"]
[Result "1/2-1/2"]
[WhiteElo "2162"]
[BlackElo "2515"]
[TimeControl "180+1"]
[EndTime "14:58:24 PDT"]
[Termination "Game drawn by repetition"]

1. Nf3 Nf6 2. b3 g6 3. Bb2 Bg7 4. c4 c5 5. g3 Nc6 6. Bg2 O-O 7. O-O d5 8. cxd5 Nxd5 9. Bxg7 Kxg7 10. Nc3 b6 11. Nxd5 Qxd5 12. d4 Bb7 13. e4 Qh5 14.
d5 Ne5 15. Nxe5 Qxe5 16. f4 Qc7 17. Rc1 Rad8 18. Qe2 Qd7 19. f5 Qc7 20. Qb2+ f6 21. fxg6 hxg6 22. Rf4 Qe5 23. Qxe5 fxe5 24. Rxf8 Rxf8 25.
Rf1 Rxf1+ 26. Bxf1 Kf6 27. Kf2 Bc8 28. Be2 Bd7 29.
g4 g5 30. Kg3 b5 31. h4 Kg6 32. h5+ Kf6 33. Kf2 a6 34. Ke3 Be8 35. Kd2 e6 36. d6 Kg7 37. a4 Bc6 38. axb5 axb5 39. Kc3 Kf6 40. Bd3 Kf7 41. b4 c4 42. Bxc4 bxc4 43.
Kxc4 Bxe4 44. Kc5 Ke8 45. b5 Kd7 46. b6 Kc8 47. h6 Bg6 48. Kb5 Be4 49. Ka6 Kd7 50.
Ka7 Kxd6 51. b7 Bxb7 52. Kxb7 e4 53. h7 Ke5 54. h8=Q+ Kf4 55. Qh3 e3 56. Kc6 e2 57.
Qh1 Kxg4 58. Kd6 Kg3 59. Ke5 Kf2 60. Qh2+ Kf1 61. Qh3+ Kf2 62. Qh2+ Kf1 63. Qh1+ Kf2 64. Qh2+ 1/2-1/2

[Event "Late-Titled-Tuesday-Blitz-March-26-2024"]
[Site "Chess.com"]
[Date "2024.03.26"]
[Round "5"]
[White "kingofthenil"]
[Black "Rud_Makarian"]
[Result "0-1"]
[WhiteElo "2761"]
[BlackElo "3104"]
[TimeControl "180+1"]
[EndTime "14:58:25 PDT"]
[Termination "Rud_Makarian won by resignation"]

1. Nf3 Nf6 2. e3 d5 3. c4 e6 4. b3 dxc4 5. Bxc4 a6 6. Bb2 b5 7. Be2 Bb7 8. a4 b4 9. O-O Be7 10. d3 O-O 11. Nbd2 Nbd7 12. a5 c5 13. Nc4 Nd5 14. Qc2 Bf6 15. Nd6 Bc6 16. Bxf6 Qxf6 17.
Ne4 Qe7 18. Rfc1 Rfc8 19. Nxc5 Nc3 20. Ne4 Bxe4 21. dxe4 Rc5 22. Bc4 Ne5 23. Nxe5 Rxe5 24. Qd3 Rd8 25. Qf1 Qc7 26. Bxa6 Rxa5 27. Qc4 Rxa1 28.
Rxa1 Qxc4 29. Bxc4 Nxe4 30. Kf1 g5 31. Ke1 Nc3 32.
Be2 Kg7 33. Ra7 Ne4 34. Ra4 Rc8 35. Rxb4 Rc1+ 36. Bd1 Nxf2 37. Kxf2 Rxd1 38. Rd4 Rb1 39. b4 h5 40. h3 Rb2+ 41. Kf3 Kg6 42. Rc4 f5 43. Rc6 Kf6 44. Rb6 Rb3 45. Kf2 h4 46.
Rb7 g4 47. hxg4 fxg4 48. Rh7 Rb2+ 49. Kf1 Kg5 50. b5 Rxb5 51. Ke2 Rb2+ 52. Kf1 g3 53.
Rf7 Rb1+ 54. Ke2 Rg1 55. Rg7+ Kh6 56. Re7 Rxg2+ 57. Kf3 Rf2+ 58. Kg4 g2 59. Rxe6+ Kg7 60. Kxh4 g1=Q 61. Rg6+ Kxg6 0-1

[Event "Late-Titled-Tuesday-Blitz-March-26-2024"]
[Site "Chess.com"]
[Date "2024.03.26"]
[Round "5"]
[White "carloseduar100"]
[Black "reevecanada"]
[Result "1/2-1/2"]
[WhiteElo "2259"]
[BlackElo "2668"]
[TimeControl "180+1"]
[EndTime "14:58:27 PDT"]
[Termination "Game drawn by repetition"]

1. d4 Nf6 2. Bg5 Ne4 3. h4 b5 4. Qd3 Nxg5 5. hxg5 a6 6. Rxh7 Rxh7 7. Qxh7 g6 8. Nd2 d6 9. e3 c5 10. Bd3 c4 11. Be2 d5 12. c3 Nc6 13. a3 Bf5 14. Ngf3 a5 15. Nh4 Be6 16. e4 Qd7 17.
Bf3 O-O-O 18. exd5 Bxd5 19. Bxd5 Qxd5 20. Nhf3 Qe6+ 21.
Kf1 Qf5 22. Qh3 Qxh3 23. gxh3 Bg7 24. Re1 e5 25. dxe5 Nxe5 26. Nxe5 Rxd2 27. Nxf7 Rxb2 28. Re3 Rb3 29. h4 Rxa3 30. Nd6+ Kd7 31. Nxb5 Rb3 32. Rf3 Be5 33. Rf7+ Ke8 34. Rb7 a4 35. h5 a3 36. hxg6 a2 37. Ra7 Rb1+ 38. Ke2 a1=Q 39. Rxa1 Rxa1 40. Ke3 Ra5 41. Nd4 Bxd4+ 42. Kxd4 Rxg5 43.
Kxc4 Rxg6 44. Kd5 Kd7 45. f4 Re6 46. c4 Re3 47. c5 Rd3+ 48. Ke5 Re3+ 49. Kd5 Re6 50. f5 Re8 51. c6+ Kc7 52. f6 Kd8 53.
Kd6 Re1 54. c7+ Kc8 55. f7 Rd1+ 56. Ke7 Re1+ 57. Kd6 Rf1 58. Ke7 Re1+ 59. Kd6 1/2-1/2

[Event "Late-Titled-Tuesday-Blitz-March-26-2024"]
[Site "Chess.com"]
[Date "2024.03.26"]
[Round "5"]
[White "alexrustemov"]
[Black "MPCandelario"]
[Result "1-0"]
[WhiteElo "2922"]
[BlackElo "2675"]
[TimeControl "180+1"]
[EndTime "14:58:28 PDT"]
[Termination "alexrustemov won by resignation"]

1. d4 d5 2. c4 e6 3. Nc3 Nf6 4. Nf3 Be7 5. Bg5 h6 6. Bxf6 Bxf6 7. e3 O-O 8. Rc1 b6 9. cxd5 exd5 10. b4 c6 11. a4 Be6 12. Be2 Nd7 13. O-O Re8 14. Qb3 a5 15. b5 c5 16. Rfd1 c4 17. Qc2 Rc8 18. g3 Be7 19. Bf1 Ba3 20. Ra1 Bb4 21.
Bg2 g6 22. Ne5 Nf6 23. Rac1 Kg7 24. h3 Bf5 25. Qb2 Qd6 26. Qa2 Ba3 27. Ra1 Bb4 28.
Qb2 Ne4 29. Nxe4 Bxe4 30. Bxe4 dxe4 31. Nc6 c3 32. Qb3 Qe6 33. Qxe6 Rxe6 34. d5 Rd6 35.
Rd4 f5 36. Rc1 Bc5 37. Rc4 Rxd5 38. R1xc3 Ra8 39. Kg2 Kf6 40. Rc2 h5 41. h4 Rd1 42.
Rxc5 bxc5 43. Rxc5 Rb1 44. Rd5 Ke6 45. Rd2 Ra1 46. Rb2 Kd6 47. Rd2+ Kc7 48. Rd4 Rb1 49. Ne7 Rd8 50. Rc4+ Kb7 51. Rd4 Rc8 52. Nc6 Kb6 53. Rd6 Kc5 54. Rxg6 Ra8 55. Rg5 Kc4 56. Rxf5 Ra1 57.
b6 Rb1 58. b7 Rxb7 59. Nxa5+ Rxa5 60. Rxa5 Kb4 61. Rb5+ Rxb5 62. axb5 Kxb5 63. g4 1-0

[Event "Late-Titled-Tuesday-Blitz-March-26-2024"]
[Site "Chess.com"]
[Date "2024.03.26"]
[Round "5"]
[White "lluiss"]
[Black "CFalcons8"]
[Result "0-1"]
[WhiteElo "2223"]
[BlackElo "2405"]
[TimeControl "180+1"]
[EndTime "14:58:30 PDT"]
[Termination "CFalcons8 won on time"]

1. Nf3 Nf6 2. d4 e6 3. c4 b6 4. g3 Bb7 5. Bg2 Be7 6. O-O O-O 7. Nc3 Ne4 8. Nxe4 Bxe4 9. d5 exd5 10. cxd5 d6 11. Nd4 Bxg2 12. Kxg2 Bf6 13. Be3 Bxd4 14.
Bxd4 Nd7 15. Rc1 a5 16. b3 Re8 17. Re1 Nc5 18. f3 f5 19. Qd2 a4 20. b4 Nd7 21.
Qc3 Qe7 22. Qxc7 f4 23. Rc6 fxg3 24. hxg3 Ne5 25. Qxe7 Rxe7 26. Bxe5 dxe5 27. Rxb6 Rc8 28. d6 Rd7 29. Rd1 Rc2 30. Kf2 Rxa2 31. Rc6 Rb2 32. Rc7 Rd8 33. d7 Kf7 34. Rc8 Ke7 35. Rxd8 Kxd8 36. Rd5 Rxb4 37. Rxe5 Kxd7 38. Ra5 Ke6 39. Ra6+ Kf7 40. Ra7+ Kf6 41. Ra6+ Kg5 42. Ra5+ Kh6 43.
Ra6+ g6 44. Ra5 Kg7 45. g4 h5 46. gxh5 gxh5 47. Rxh5 a3 48. Ra5 Rb3 49. Ra7+ Kf6 50. Ra4 Ke5 51. Kg3 Re3 52. Kf2 Rb3 53. Ra5+ Kd4 54. Kg3 Ke3 55. Re5+ Kd2 56. Kf4 a2 57. Ra5 Rb2 0-1

[Event "Late-Titled-Tuesday-Blitz-March-26-2024"]
[Site "Chess.com"]
[Date "2024.03.26"]
[Round "5"]
[White "Vladimir_Zakhartsov"]
[Black "Hikaru"]
[Result "0-1"]
[WhiteElo "2992"]
[BlackElo "3282"]
[TimeControl "180+1"]
[EndTime "14:58:31 PDT"]
[Termination "Hikaru won by resignation"]

1. e4 c6 2. Nf3 d5 3. Nc3 Bg4 4. h3 Bxf3 5. Qxf3 e6 6. Be2 g6 7. O-O Bg7 8. d3 Nf6 9. Bd1 Nbd7 10. Ne2 O-O 11. c3 dxe4 12. dxe4 Ne5 13. Qe3 Nd3 14. Bc2 Nxc1 15. Raxc1 e5 16. Rfd1 Qe7 17. Rd3 Rfd8 18.
Rcd1 Rxd3 19. Qxd3 Bf8 20. a4 Qc7 21. Nc1 h5 22. Nb3 h4 23. a5 Be7 24. Qe3 Kg7 25.
Kf1 Nh5 26. Qd3 Nf6 27. Qe3 b5 28. axb6 axb6 29. Ra1 Rb8 30. Nd2 Bc5 31. Qe2 Nh5 32. b4 Be7 33. Nf3 Nf4 34. Qc4 b5 35. Qa2 c5 36. Qa5 Qc8 37. Bb3 cxb4 38. cxb4 Qc3 39. Qa2 Rf8 40. Rd1 Qxb4 41. Nxe5 Qxe4 42. Nf3 Bf6 43.
Bc2 Qe2+ 44. Kg1 Nxh3+ 45. gxh3 Qxf3 46. Qb3 Qc6 47. Bd3 Rd8 48. Be2 Rxd1+ 49. Bxd1 Bd4 50.
Qd3 Qf6 51. Qe2 Qf5 52. Kg2 b4 53. Bb3 Qf6 54. Qd2 Bc5 55. Qc2 Qd4 56. Qe2 f5 57.
Qc2 Kf6 58. Qe2 Qe4+ 59. Qxe4 fxe4 60. Kf1 Ke5 61. Ke2 g5 62. Bc2 Kd4 63. Kd2 g4 64.
hxg4 h3 65. Ke2 h2 0-1

[Event "Late-Titled-Tuesday-Blitz-March-26-2024"]
[Site "Chess.com"]
[Date "2024.03.26"]
[Round "5"]
[White "RuperezA"]
[Black "Mazetovic"]
[Result "0-1"]
[WhiteElo "2423"]
[BlackElo "2609"]
[TimeControl "180+1"]
[EndTime "14:58:31 PDT"]
[Termination "Mazetovic won by resignation"]

1. e4 c6 2. d4 d5 3. e5 Bf5 4. h4 h5 5. Bd3 Bxd3 6. Qxd3 e6 7.
Bg5 Qa5+ 8. Nd2 Nh6 9. Ne2 Nf5 10. O-O Qa6 11. c4 Nd7 12. b3 Bb4 13. a3 Bxd2 14.
Qxd2 dxc4 15. bxc4 Qxc4 16. Rfc1 Qa6 17. Qb4 f6 18. exf6 gxf6 19. Nf4 Kf7 20. Re1 Rae8 21. Rad1 fxg5 22. hxg5 Nf8 23. Qb1 Qb5 24. Qe4 Ng6 25. Rb1 Qa6 26. Nxe6 Nge7 27. Nc7 Qc4 28. Nxe8 Rxe8 29.
Rxb7 Qd5 30. g6+ Kxg6 31. Qxd5 cxd5 32. Rxa7 Kf6 33. Ra6+ Kf7 34. Rae6 Ra8 35. f3 Rxa3 36. Kh2 h4 37. Kh3 Ra2 38. R1e5 Ra8 39. Re1 Rg8 40. R6e5 Rg3+ 41. Kh2 Rg7 42. Ra1 Nxd4 43. Ra7 Nf5 44. Rxd5 Kf6 45. Rd4 Nxd4 46. Ra6+ Ne6 47. Ra4 Nf5 48.
Kh3 Rb7 49. Kh2 Rb1 50. Rg4 Neg7 51. Ra4 Nh5 52. Kh3 Nhg3 53. Kg4 Rb6 54. Ra2 Rb4+ 55. Kh3 Nh5 56. Ra6+ Kg5 57. Ra5 Nf4+ 58. Kh2 Rb2 59. Kh1 h3 60. g4 Kh4 0-1

[Event "Late-Titled-Tuesday-Blitz-March-26-2024"]
[Site "Chess.com"]
[Date "2024.03.26"]
[Round "5"]
[White "Genghis_K"]
[Black "Andrey_Klymchuk"]
[Result "0-1"]
[WhiteElo "2915"]
[BlackElo "2705"]
[TimeControl "180+1"]
[EndTime "14:58:37 PDT"]
[Termination "Andrey_Klymchuk won on time"]

1. e4 c5 2. Nf3 Nc6 3. Bb5 g6 4. O-O Bg7 5. c3 Nf6 6. Re1 O-O 7. d4 d5 8. e5 Ne4 9. Bxc6 bxc6 10. Be3 Qb6 11. Qc1 cxd4 12. cxd4 a5 13. Nbd2 Nxd2 14. Qxd2 Bg4 15. Ng5 f6 16. exf6 exf6 17. h3 Bf5 18.
Nf3 g5 19. Rac1 Rfe8 20. Qc3 Re6 21. Bd2 Rxe1+ 22. Bxe1 Bd7 23. a4 Bf8 24. h4 g4 25.
Nh2 Bd6 26. Nf1 f5 27. Bd2 f4 28. g3 Rf8 29. Qxa5 Qb8 30. gxf4 Bxf4 31. Bxf4 Qxf4 32.
Qd2 Qf6 33. Qg5+ Qxg5 34. hxg5 Ra8 35. b3 Kf7 36. Re1 Rb8 37. a5 Rxb3 38. Ra1 Rb7 39. Nd2 Bc8 40. Rc1 Bd7 41. Rc3 Kg6 42. Nb3 Ra7 43.
Nc5 Bc8 44. Nd3 Kxg5 45. Rxc6 Bf5 46. Ne5 Rxa5 47. Kg2 h5 48. Nf7+ Kh4 49. Rf6 Be4+ 50. Kh2 Ra4 51. Ne5 Rxd4 52. f3 gxf3 53. Nf7 Rd2+ 54.
Kg1 f2+ 55. Rxf2 Rxf2 56. Kxf2 d4 57. Nd6 Bg6 58. Nb5 d3 59. Nd4 Kg4 60. Nf3 h4 61.
Ne5+ Kh5 62. Ke3 Bf5 63. Nf3 Kg4 64. Ne5+ Kg3 65. Nf3 h3 66. Nd4 Bg4 0-1

[Event "Late-Titled-Tuesday-Blitz-March-26-2024"]
[Site "Chess.com"]
[Date "2024.03.26"]
[Round "5"]
[White "simaopdias"]
[Black "EternalNight8"]
[Result "0-1"]
[WhiteElo "2290"]
[BlackElo "2458"]
[TimeControl "180+1"]
[EndTime "14:58:37 PDT"]
[Termination "EternalNight8 won by resignation"]

1. e4 c5 2. Nf3 d6 3. d4 cxd4 4. Nxd4 Nf6 5. Nc3 Nc6 6. Be2 e5 7. Nb3 Be7 8. Be3 O-O 9. O-O a5 10. a4 Nb4 11. Qd2 Be6 12. Rad1 d5 13. exd5 Nfxd5 14.
Nxd5 Nxd5 15. Bc5 b6 16. Bxe7 Qxe7 17. Bf3 Rad8 18. Bxd5 Bxd5 19. Qe3 Qc7 20. Rd2 Qc6 21. f3 Bxb3 22. cxb3 Rxd2 23. Qxd2 Qc5+ 24. Qf2 Rc8 25.
g3 f6 26. Kg2 Kf7 27. Qd2 Qc2 28. Rf2 Qxd2 29. Rxd2 Ke6 30. Kf2 Rc1 31. Ke3 f5 32.
Kd3 Rc8 33. Re2 Kd5 34. Re1 g5 35. Rh1 e4+ 36. fxe4+ fxe4+ 37. Kd2 Kd4 38. Re1 Rf8 39.
Re2 Rf1 40. Rg2 e3+ 41. Ke2 Rb1 42. Kf3 Rd1 43. Re2 Rf1+ 44. Kg2 Rf8 45. Re1 Kd3 46.
Rd1+ Kc2 47. Rd6 e2 48. Re6 Kd2 49. Rd6+ Ke1 50. Kg1 Rf3 51. Kg2 Rxb3 52. h4 gxh4 53. gxh4 Rxb2 54. h5 Rd2 55. Rxb6 Rd1 56. Rb5 Kd2 57.
Rb2+ Kd3 58. Rb3+ Kc4 0-1

[Event "Late-Titled-Tuesday-Blitz-March-26-2024"]
[Site "Chess.com"]
[Date "2024.03.26"]
[Round "5"]
[White "EgorYakovlev"]
[Black "Payyappat"]
[Result "0-1"]
[WhiteElo "2674"]
[BlackElo "2529"]
[TimeControl "180+1"]
[EndTime "14:58:38 PDT"]
[Termination "Payyappat won by resignation"]

1. e4 c6 2. d4 d5 3. Nc3 dxe4 4. Nxe4 Nf6 5. Nxf6+ exf6 6. c3 Bd6 7. Bd3 O-O 8. Ne2 Be6 9. Qc2 h5 10. Nf4 Bxf4 11.
Bxf4 Nd7 12. O-O Nb6 13. a3 Re8 14. Rfe1 Qd7 15. Rad1 Nd5 16. Bd2 Bg4 17. f3 Be6 18. c4 Nb6 19. Be3 Rad8 20. Bf2 Qc7 21. b4 Qf4 22. Re4 Qc7 23. Rde1 Re7 24. a4 Red7 25. a5 Nc8 26. Rh4 Ne7 27. Rxh5 f5 28. Rg5 g6 29. h4 Qf4 30. Qc1 Rxd4 31. Qxf4 Rxf4 32. Bf1 Kf8 33.
g3 Rxf3 34. Bxa7 f6 35. Bg2 Rc3 36. Rxe6 fxg5 37. Bc5 Rd7 38. hxg5 Kf7 39. Rf6+ Kg7 40. Re6 Ng8 41. Re1 Rxc4 42. Bf1 Rc3 43. Kg2 Kf7 44.
a6 bxa6 45. Bxa6 Ne7 46. Re2 Nd5 47. Bc8 Rc7 48. Be6+ Kg7 49. Bd4+ Kf8 50. Bxc3 Nxc3 51. Rc2 Nb5 52. Bc4 Nd4 53. Rc3 c5 54. bxc5 Rxc5 55. Rc1 Nb3 56. Rc2 Nd4 57. Rc1 Nc6 58. Rc2 Nb4 59.
Rc1 Nd5 60. Rc2 Ne3+ 61. Kf3 Nxc2 62. Bd3 Ne1+ 63. Ke2 Nxd3 64. Kxd3 Ke7 0-1

[Event "Late-Titled-Tuesday-Blitz-March-26-2024"]
[Site "Chess.com"]
[Date "2024.03.26"]
[Round "5"]
[White "banane_verte"]
[Black "CMmauricio"]
[Result "0-1"]
[WhiteElo "2531"]
[BlackElo "2765"]
[TimeControl "180+1"]
[EndTime "14:58:39 PDT"]
[Termination "CMmauricio won on time"]

1. d4 e6 2. e4 d5 3. exd5 exd5 4. Nf3 Bd6 5. c4 Nf6 6. c5 Be7 7. Bd3 O-O 8. O-O Bg4 9. Bf4 c6 10. Nbd2 Nbd7 11. Qc2 Bh5 12. Rfe1 Bg6 13. b4 Re8 14. h3 Nf8 15. Ne5 Bxd3 16. Qxd3 Ng6 17. Bh2 Bf8 18. a4 a6 19. b5 Nxe5 20. Bxe5 axb5 21. axb5 Rxa1 22. Rxa1 Bxc5 23. bxc6 bxc6 24. Rc1 Bd6 25. Rxc6 Bxe5 26. dxe5 Rxe5 27. Nf3 Re8 28. Qf5 h6 29.
Qf4 Qa5 30. Qc7 Qa1+ 31. Rc1 Qa2 32. Rc2 Qb1+ 33. Rc1 Qf5 34. Qc2 Qf4 35. Qd2 Qa4 36.
Qd1 Qa8 37. Qc2 Rd8 38. Qc6 Qa3 39. Qc3 Qf8 40. Qc5 Qe8 41. Qc6 Qe6 42. Nd4 Qe4 43. Nf3 d4 44. Qxe4 Nxe4 45. Rc4 Nc3 46. Kf1 Nb5 47. Rb4 Rd5 48. Ke2 d3+ 49. Kd2 Nd6 50. Ne1 f5 51. f3 Ra5 52. Nxd3 Ra2+ 53.
Nb2 Kf7 54. Kd3 Ke6 55. Rb6 Ra3+ 56. Ke2 Ra2 57. Kd3 Kd5 58. Rb8 Ra3+ 59. Ke2 Ra2 60. Kf1 g5 61. Rb6 Ra1+ 62. Kf2 f4 63. Nd3 Nc4 64. Rb5+ Kd4 65. Nb4 Ne3 66. Nc6+ Kc4 0-1

[Event "Late-Titled-Tuesday-Blitz-March-26-2024"]
[Site "Chess.com"]
[Date "2024.03.26"]
[Round "5"]
[White "RantomOpening"]
[Black "N_I_Chess"]
[Result "0-1"]
[WhiteElo "2569"]
[BlackElo "2332"]
[TimeControl "180+1"]
[EndTime "14:58:39 PDT"]
[Termination "N_I_Chess won by checkmate"]

1. e4 Nf6 2. e5 Nd5 3. d4 Nb6 4. Nf3 d6 5. exd6 cxd6 6. c4 g6 7. Nc3 Bg7 8. Be2 O-O 9. Be3 Bg4 10. Rc1 Nc6 11. O-O d5 12. c5 Nc8 13. a3 e6 14.
b4 a6 15. h3 Bxf3 16. Bxf3 N8e7 17. Qb3 Nf5 18. b5 Ncxd4 19. Qb4 Nxf3+ 20. gxf3 d4 21. Rfd1 Qh4 22. Ne2 dxe3 23. Qxh4 Nxh4 24. fxe3 Nxf3+ 25. Kf2 Ne5 26. b6 Rac8 27. Nd4 Nd7 28. c6 bxc6 29.
Nxc6 Nxb6 30. Ne7+ Kh8 31. Nxc8 Nxc8 32. Rd7 Nb6 33. Ra7 Nd5 34. Rxa6 Bh6 35. Re1 Rb8 36. e4 Nf4 37. Rd1 Nxh3+ 38. Kg3 Ng5 39. Ra7 Rb3+ 40.
Kg2 Kg7 41. e5 Rb2+ 42. Kg3 Ne4+ 43. Kf3 Nd2+ 44. Kg4 Be3 45. Rc1 h5+ 46. Kh3 Ne4 47. Rac7 g5 48. R1c2 Rb3 49. Kg2 Rxa3 50. Rb7 g4 51.
Rb4 Ng5 52. Rc7 Kg6 53. Rb2 Bf4 54. Rc4 Bxe5 55. Re2 f6 56. Rc8 h4 57. Rc4 h3+ 58. Kf2 g3+ 59. Ke1 h2 60. Rh4 Nf3+ 61. Kf1 Nxh4 62. Re4 h1=Q+ 63. Ke2 Qxe4+ 64. Kf1 Qf3+ 65. Ke1 Bc3# 0-1

[Event "Late-Titled-Tuesday-Blitz-March-26-2024"]
[Site "Chess.com"]
[Date "2024.03.26"]
[Round "5"]
[White "FabianoCaruana"]
[Black "Beca95"]
[Result "0-1"]
[WhiteElo "3094"]
[BlackElo "2962"]
[TimeControl "180+1"]
[EndTime "14:58:41 PDT"]
[Termination "Beca95 won by resignation"]

1. e4 c5 2. Nf3 d6 3. Bb5+ Nd7 4.
O-O a6 5. Bd3 e6 6. c4 Ne5 7. Be2 Ne7 8. d4 Nxf3+ 9. Bxf3 cxd4 10. Qxd4 Nc6 11. Qd2 Be7 12. b3 g5 13. Bb2 Rg8 14.
Be2 b6 15. Na3 Bb7 16. Nc2 Ne5 17. f3 Qc7 18. Kh1 h5 19. Rac1 h4 20. h3 Ng6 21.
Ne3 Nf4 22. Rfd1 Rd8 23. Bf1 Rg6 24. b4 Kf8 25. Ng4 Kg8 26. Qc3 f6 27. Qe1 Kh7 28. Qf2 e5 29. Ne3 Rc8 30. Nd5 Nxd5 31. cxd5 Qd8 32.
b5 a5 33. Rc6 Bxc6 34. dxc6 Qc7 35. Bc4 Rf8 36. Be6 Rg7 37. Bc1 Bd8 38. Bf5+ Kh8 39.
Rd5 a4 40. Qc2 Qb8 41. Ba3 Bc7 42. Bb4 a3 43. Rd3 Rd8 44. Be6 d5 45. Rxd5 Rxd5 46. exd5 Bd6 47. Bxd6 Qxd6 48. Qc4 Ra7 49. Bf5 Kg7 50.
Bc2 e4 51. Bxe4 Re7 52. Qc3 Kf7 53. Qc2 f5 54. Qd3 fxe4 55. fxe4 Kg7 56. Qd4+ Kg6 57. Qd3 Kh6 58. Qf3 Kg7 59. Qc3+ Kg8 60. Qd4 Qf4 61.
d6 Rxe4 62. Qd1 Qe5 63. d7 Re1+ 64. Qxe1 Qxe1+ 0-1

[Event "Late-Titled-Tuesday-Blitz-March-26-2024"]
[Site "Chess.com"]
[Date "2024.03.26"]
[Round "5"]
[White "emeli_chess"]
[Black "maximnovik"]
[Result "1/2-1/2"]
[WhiteElo "2429"]
[BlackElo "2584"]
[TimeControl "180+1"]
[EndTime "14:58:42 PDT"]
[Termination "Game drawn by repetition"]

1. d4 Nf6 2. c4 g6 3. Nc3 d5 4.
Nf3 Bg7 5. e3 O-O 6. Be2 c5 7.
O-O cxd4 8. exd4 Nc6 9. Re1 dxc4 10. Bxc4 Bf5 11. Bg5 Rc8 12. Bf1 h6 13. Be3 Nb4 14. Rc1 Nfd5 15. Nxd5 Nxd5 16. Qd2 Nxe3 17. fxe3 e5 18.
e4 Bg4 19. d5 Bxf3 20. gxf3 Rxc1 21. Rxc1 Bf6 22. Qg2 Bg5 23. Rc2 Qb6+ 24. Kh1 Rd8 25. Qf2 Be3 26. Qg3 Bf4 27. Qf2 Qa5 28. a3 a6 29. Qc5 Qe1 30. Qf2 Qd1 31. Rc7 Qb3 32. Bc4 Qd1+ 33. Kg2 b5 34. Bf1 Rd6 35. Qe2 Qd4 36. Qd3 Qb6 37. Qc2 Kg7 38. Qc5 Qxc5 39. Rxc5 Be3 40. Rc6 Rxc6 41. dxc6 Bb6 42. a4 bxa4 43.
Bxa6 Kf6 44. Bb5 a3 45. bxa3 Ke7 46. a4 Kd6 47. Kg3 Bd8 48. f4 exf4+ 49. Kxf4 Ke6 50. Kf3 Bc7 51. h3 Ke5 52. a5 Bxa5 53. Bc4 Kf6 54.
Bd5 Bc7 55. Bc4 Be5 56. Bd5 Ke7 57. Bc4 f6 58. Bd5 h5 59. Bc4 Kd6 60. Bf7 g5 61. Bxh5 Kxc6 62. Bg4 Kd6 63. Bf5 Kc5 64. Kg4 Kd4 65. Bg6 Ke3 66. Bf5 Kd4 67. Bg6 Ke3 68. Bf5 Kf2 69. Bg6 Ke3 1/2-1/2

[Event "Late-Titled-Tuesday-Blitz-March-26-2024"]
[Site "Chess.com"]
[Date "2024.03.26"]
[Round "5"]
[White "GAO"]
[Black "Alex_Banzea"]
[Result "1-0"]
[WhiteElo "2347"]
[BlackElo "2532"]
[TimeControl "180+1"]
[EndTime "14:58:44 PDT"]
[Termination "GAO won on time"]

1. Nf3 Nf6 2. b3 g6 3. Bb2 Bg7 4. g3 d6 5. Bg2 O-O 6. d4 Nbd7 7.
Nc3 c6 8. Qd2 a5 9. a4 e5 10.
dxe5 dxe5 11. O-O-O Re8 12. h4 e4 13. Ng5 e3 14. fxe3 Ng4 15. Bh3 Nf2 16. Bxd7 Bxd7 17. Nce4 Bxb2+ 18. Kxb2 Nxe4 19. Nxe4 Rxe4 20. Qxd7 Qf6+ 21.
Kb1 Rxe3 22. Rhf1 Qg7 23. Qxb7 Rae8 24. Rd7 Rxe2 25. Qxc6 Re1+ 26. Rd1 Rxd1+ 27. Rxd1 Qe5 28. Qb5 Qe6 29. Qxa5 Rb8 30. Qc3 h5 31. Re1 Qa6 32. Kb2 Rc8 33. Qd4 Qc6 34. Re2 Qa6 35. Rd2 Qc6 36. Qe5 Qb6 37. a5 Qc6 38. Qd4 Re8 39.
b4 Qb5 40. Kb3 Rc8 41. c4 Qf5 42. Qd3 Qf6 43. Qd4 Qf5 44. Qc3 Re8 45. b5 Qf1 46. a6 Qb1+ 47. Qb2 Qe4 48. Qc3 Rc8 49. c5 Qb1+ 50. Kc4 Qe4+ 51. Rd4 Qe2+ 52. Kb4 Qf1 53. a7 Qb1+ 54. Kc4 Qa2+ 55. Kd3 Qxa7 56. b6 Qe7 57. Qc4 Qb7 58. Qd5 Qe7 59. Qd6 Qe1 60. Kc4 Qe2+ 61. Kb4 Qb2+ 62. Kc4 Qa2+ 63. Kd3 Qb3+ 64. Kd2 Qb2+ 65.
Ke3 Re8+ 66. Kf4 Qc1+ 67. Rd2 Qf1+ 68. Kg5 Qf5+ 69. Kh6 1-0